 Dungeon Crawl Stone Soup version 0.31-a0-252-gc4385922b5 (webtiles) character file.

Game seed: 13594516480490352233

56 qw the Shooter (level 3, 0/29 HPs)
             Began as a Minotaur Hexslinger on July 12, 2023.
             Was an Initiate of Okawaru.
             Slain by an orc priest
             ... wielding a +0 dagger
              (3 damage)
             ... on level 3 of the Dungeon.
             The game lasted 00:00:31 (1512 turns).

qw the Shooter (Minotaur Hexslinger)                Turns: 1512, Time: 00:00:31

Health: 0/29       AC:  3    Str: 12    XL:     3   Next: 71%
Magic:  3/3        EV: 12    Int: 10    God:    Okawaru [......]
Gold:   112        SH:  0    Dex: 14    Spells: 3/4 levels left

rFire   . . .        Y - +1 sling
rCold   + . .        (no shield)
rNeg    . . .        a - +0 leather armour
rPois   +            (helmet restricted)
rElec   .            (no cloak)
rCorr   .            (no gloves)
SInv    .            (no boots)
Will    .....        (no amulet)
Stlth   +            d - ring of poison resistance
HPRegen 0.24/turn    e - ring of protection from cold
MPRegen 0.08/turn

%: no passive effects
@: about to teleport
A: horns 2, retaliatory headbutt
a: Renounce Religion


You were on level 3 of the Dungeon.
You worshipped Okawaru.
Okawaru was noncommittal.
You visited 1 branch of the dungeon, and saw 3 of its levels.

You collected 112 gold pieces.


Innate Abilities, Weirdness & Mutations

You have a pair of horns on your head.
You reflexively headbutt those who attack you in melee.


   Skills:
 - Level 2.0 Fighting
 + Level 4.2 Ranged Weapons
 - Level 2.1 Dodging
 - Level 1.0 Spellcasting
 - Level 2.0 Hexes


You had 3 spell levels left.
You knew the following spells:

 Your Spells              Type           Power      Damage    Failure   Level
a - Slow                  Hex            16%        N/A       19%         1

Your spell library contained the following spells:

 Spells                   Type           Power      Damage    Failure   Level
 Inner Flame              Hex/Fire       2%         N/A       65%         3
 Portal Projectile        Hex/Tloc       4%         N/A       65%         3
 Cause Fear               Hex            2%         N/A       88%         4

Inventory:

Hand Weapons
 Y - a +1 sling (weapon)
Armour
 a - a +0 leather armour (worn)
Jewellery
 c - a ring of resist corrosion
 d - a ring of poison resistance (left hand)
 e - a ring of protection from cold (right hand)
Scrolls
 b - a scroll of teleportation
Potions
 f - a potion of curing {unknown}
 g - a potion of attraction {unknown}

Dungeon Overview and Level Annotations

Branches:
Dungeon (3/15)

Altars:
Cheibriados
Okawaru


Message History

Enter note: You shoot a sling bullet.
The sling bullet hits the orc but does no damage.
The orc barely misses you.
You shoot a sling bullet. The sling bullet hits the orc!
The orc is almost dead.
The orc hits you with a +0 club. The orc closely misses you.
You furiously retaliate!
You headbutt the orc!
You kill the orc!
Okawaru accepts your kill.
You shoot a sling bullet. The sling bullet hits the orc priest.
The orc priest is moderately wounded.
The orc barely misses you. You furiously retaliate!
You headbutt the orc!
You kill the orc!
Okawaru accepts your kill. The orc priest barely misses you.
You shoot a sling bullet.
The sling bullet hits the orc priest but does no damage.
The orc priest is moderately wounded.
The orc hits you but does no damage.
The orc priest hits you with a +0 dagger.
The orc hits you with a +0 flail.
The orc priest hits you with a +0 dagger.
You shoot a sling bullet.
The sling bullet barely misses the orc priest.
The orc hits you with a +0 flail!
The orc priest invokes the aid of Beogh against you.
Pain shoots through your body!
1511 ||| READING 2 scrolls of teleportation.
As you read the scroll of teleportation, it crumbles to dust.
You feel strangely unstable. The orc completely misses you.
The orc priest closely misses you. You furiously retaliate!
You headbutt the orc priest. You shoot a sling bullet.
The sling bullet barely misses the orc priest.
The orc closely misses you. You furiously retaliate!
You headbutt the orc!
You kill the orc!
Okawaru accepts your kill.
The orc priest hits you with a +0 dagger.
You die...

....#### ### ........
..# ...#
....######.#.# ...#
...........#.# ...#
....########.# ...#
...........#.# ...#
.#########.#.####...#
.##......#.#....#o''#
.##.####.#.#.##.@)..#
.##.#..#.#.#.########
.##.#....#.#.#
.#.........#.#
.#####.#####.#
........<....#
.....#.#.....#
.....#.#.....#
.......#.....#


You could see an orc priest.

Vanquished Creatures
  An adder (D:2)
  2 worms
  A dart slug (D:3)
  3 orcs (D:3)
  5 bats
  6 endoplasms
  2 giant cockroaches (D:2)
  3 goblins
  A hobgoblin (D:1)
  2 quokkas
  3 ball pythons
  2 frilled lizards (D:1)
  4 kobolds
  2 rats (D:1)
37 creatures vanquished.

Notes
Turn   | Place    | Note
-------+----------+-------------------------------------------
     0 | D:1      | qw the Minotaur Hexslinger began the quest for the Orb.
     0 | D:1      | Reached XP level 1. HP: 16/16 MP: 1/1
     0 | D:1      | 0 ||| qw: Version: 0.3-a-52-g30416fa
     0 | D:1      | 0 ||| qw: Game counter: 6639
     0 | D:1      | 0 ||| qw: Melee chars always use a shield: true
     0 | D:1      | 0 ||| qw: God list: Okawaru
     0 | D:1      | 0 ||| qw: Allow faded altars: false
     0 | D:1      | 0 ||| qw: Do Orc after clearing Dungeon:15 true
     0 | D:1      | 0 ||| qw: Do second Lair branch before Depths: true
     0 | D:1      | 0 ||| qw: Lair rune preference: random
     0 | D:1      | 0 ||| qw: Goals: Normal
     0 | D:1      | 0 ||| PLANNING D:1-11
   294 | D:1      | Found a faded altar of an unknown god.
   333 | D:1      | Reached skill level 3 in Ranged Weapons
   338 | D:1      | Reached XP level 2. HP: 23/23 MP: 2/2
   828 | D:1      | 828 ||| READING scroll labelled SUBUPENAEX.
   829 | D:1      | 829 ||| READING scroll labelled HATTURGHETI.
   833 | D:1      | 833 ||| DROPPING scroll of poison.
  1004 | D:2      | Reached XP level 3. HP: 29/29 MP: 3/3
  1317 | D:2      | 1317 ||| UPGRADING to +0 leather armour.
  1327 | D:2      | 1327 ||| DROPPING +0 robe.
  1328 | D:2      | 1328 ||| UPGRADING to ring of poison resistance.
  1329 | D:2      | 1329 ||| UPGRADING to ring of protection from cold.
  1330 | D:2      | 1330 ||| DRINKING 2 lumpy clear potions.
  1331 | D:2      | 1331 ||| DROPPING potion of brilliance.
  1350 | D:3      | Found an iron altar of Okawaru.
  1351 | D:3      | 1351 ||| PLANNING OKAWARU WORSHIP
  1352 | D:3      | Found a snail-covered altar of Cheibriados.
  1358 | D:3      | Reached skill level 4 in Ranged Weapons
  1365 | D:3      | Became a worshipper of Warmaster Okawaru
  1366 | D:3      | 1366 ||| PLANNING D:1-11
  1510 | D:3      | HP: 3/29 [orc priest/nerve-wracking pain (7)]
  1511 | D:3      | 1511 ||| READING 2 scrolls of teleportation.
  1512 | D:3      | Slain by an orc priest

Levels and vault maps discovered:
D:1:      minmay_arrival_five_plusses, layout_loops_corners,
          ebering_ecumenical_altar_webs
D:2:      layout_rooms
D:3:      layout_basic, grunt_temple_overflow_open, kennysheep_cross_bottleneck

Skill      XL: |  1  2  3 |
---------------+----------+-----
Ranged Weapons | 3 4 |  4.2
Fighting       | 2 |  2.0
Dodging        | |  2.1
Spellcasting   | |  1.0
Hexes          | |  2.0

Action                     || total
---------------------------++-------
   Fire: Sling             ||   103
    Use: Scroll            ||     3
         Potion            ||     1
 Armour: Robe              ||     7
         Leather armour    ||     3
  Dodge: Dodged            ||    19

Table legend:
 A = Non-vault XP
 B = Vault XP
 C = Vault XP percentage of total XP
 D = Non-vault monster count
 E = Vault monster count
 F = Vault count percentage of total count
                 A         B        C        D         E       F
            +---------+---------+-------+---------+---------+-------
      Total |      84 |       0 |   0.0 |      37 |       0 |   0.0
            +---------+---------+-------+---------+---------+-------
        D:1 |      25 |       0 |   0.0 |      17 |       0 |   0.0
        D:2 |      37 |       0 |   0.0 |      12 |       0 |   0.0
        D:3 |      22 |       0 |   0.0 |       8 |       0 |   0.0
            +---------+---------+-------+---------+---------+-------
